 Dungeon Crawl Stone Soup version 0.27.1-34-g3ba077fa99 (webtiles) character file.

Game seed: 14830064995260744681

1683 vvl the Skirmisher (level 8, -5/70 HPs)
             Began as a Black Draconian Transmuter on Jan 27, 2022.
             Was an Initiate of Kikubaaqudgha.
             Slain by Harold (20 damage)
             ... on level 7 of the Dungeon.
             The game lasted 00:14:26 (7749 turns).

vvl the Skirmisher (Black Draconian Transmuter)     Turns: 7749, Time: 00:14:27

Health: -5/70      AC:  6    Str: 13    XL:     8   Next: 71%
Magic:  15/15      EV: 12    Int: 15    God:    Kikubaaqudgha [......]
Gold:   281        SH:  0    Dex: 12    Spells: 16/17 levels left

rFire    . . .     SeeInvis .   v - +6 morningstar of the Tent {vamp, rElec rC++}
rCold    + + .     Faith    .   (no shield)
rNeg     . . .     Spirit   .   (armour unavailable)
rPois    +         Reflect  .   (helmet currently unavailable)
rElec    +         Harm     .   (no cloak)
rCorr    .         Rampage  .   (no gloves)
Will     .....                  (boots currently unavailable)
Stlth    +.........             (no amulet)
HPRegen  0.21/turn              k - ring of poison resistance
MPRegen  0.14/turn              (no ring)

@: appendages (expiring), marked
A: horns 2, talons 2, breathe lightning, AC +6, unfitting armour, electricity
resistance, cold-blooded
a: Breathe Lightning, End Transformation, Renounce Religion


You were on level 7 of the Dungeon.
You worshipped Kikubaaqudgha.
Kikubaaqudgha was noncommittal.
You had temporarily grown beastly horns and talons.
You visited 2 branches of the dungeon, and saw 8 of its levels.

You collected 281 gold pieces.

Inventory:

Hand Weapons
 o - a +1 falchion of flaming
 v - the +6 morningstar of the Tent (weapon) {vamp, rElec rC++}
   (You found it on level 6 of the Dungeon)

   It occasionally heals its wielder for a portion of the damage dealt when it
   wounds a living foe.
   rC:        It greatly protects you from cold.
   rElec:     It insulates you from electricity.
 y - a +0 morningstar of holy wrath
 z - the +10 spear "Amiav" {freeze, rPois}
   (You found it on level 6 of the Dungeon)

   It freezes those it strikes, dealing additional cold damage.
   It can also slow down cold-blooded creatures.
   rPois:     It protects you from poison.
Missiles
 l - 14 bolts
Armour
 a - a +0 pair of boots (melded)
Jewellery
 k - a ring of poison resistance (left hand)
Wands
 j - a wand of iceblast (6)
 u - a wand of flame (14)
Scrolls
 b - 2 scrolls of teleportation {unknown}
 f - a scroll of fear {unknown}
 i - a scroll of blinking
 m - a scroll of amnesia
 p - a scroll of noise
 q - 2 scrolls of fog
 t - 4 scrolls of vulnerability
 x - a scroll of identify
Potions
 c - a potion of haste {unknown}
 d - 4 potions of flight {unknown}
 e - 2 potions of might {unknown}
 g - a potion of degeneration {unknown}
 h - a potion of brilliance {unknown}
 n - 2 potions of curing {unknown}
 r - a potion of attraction {unknown}
 s - 2 potions of resistance {unknown}
Miscellaneous
 w - a phantom mirror


   Skills:
 + Level 5.6 Fighting
 * Level 2.4 Maces & Flails
 - Level 2.0 Dodging
 - Level 3.0 Unarmed Combat
 + Level 5.0 Spellcasting
 + Level 4.9 Necromancy
 + Level 5.5 Transmutations
 + Level 1.9 Air Magic
 + Level 1.1 Earth Magic


You had 16 spell levels left.
You knew the following spells:

 Your Spells              Type           Power      Damage    Failure   Level
a - Beastly Appendage     Tmut           40%        N/A       1%          1

Your spell library contained the following spells:

 Spells                   Type           Power      Damage    Failure   Level
 Animate Skeleton         Necr           36%        N/A       2%          1
 Wereblood                Tmut           20%        N/A       2%          2
 Apportation              Tloc           6%         N/A       16%         1
 Corona                   Hex            3%         N/A       16%         1
 Foxfire                  Conj/Fire      12%        2x1d4     16%         1
 Summon Small Mammal      Summ           12%        N/A       16%         1
 Spider Form              Tmut/Pois      6%         N/A       16%         3
 Conjure Flame            Conj/Fire      3%         6-21      43%         3
 Inner Flame              Hex/Fire       3%         N/A       43%         3
 Ice Form                 Ice/Tmut       12%        N/A       45%         4


Dungeon Overview and Level Annotations

Branches:
Dungeon (7/15)             Temple (1/1) D:4

Altars:
Ashenzari
Cheibriados
Dithmenos
Fedhas
Gozag
Hepliaklqana
Kikubaaqudgha
Makhleb
Nemelex Xobeh
Okawaru
Qazlal
Ru
Sif Muna
Trog
Uskayaw
Vehumet
Wu Jian
Xom
Yredelemnul
Zin
The Shining One

Shops:
D:6 =

Annotations:
D:7 Harold


Innate Abilities, Weirdness & Mutations

You have temporarily grown beastly horns and talons.
You can breathe wild blasts of lightning.
Your glossy black scales are hard. (AC +6)
You cannot fit into any form of body armour.
You are resistant to electric shocks. (rElec)
You are cold-blooded and may be slowed by cold attacks.


Message History

No target in view!
Magic restored.
Your transformation is almost over.
Your horns disappear.
Your talons disappear.
Your +0 pair of boots unmelds from your body.
You open the door.
There is an open door here.
You open the door.
Harold the Weathered comes into view.
He is wielding a +0 trident.
Harold shouts!
Harold is nearby!
Harold is nearby!
You grow a pair of large bovine horns.
Your feet morph into talons.
Your +0 pair of boots melds into your body.
Harold throws a throwing net.
The throwing net hits you.
You become entangled in the net!
You tear a large gash into the net.
Harold says, "Do you have any idea what people are willing to pay to have you killed, vvl?"
You struggle against the net.
You rip the net and break free!
Harold casts a spell at you. A sentinel's mark forms upon you.
Harold considers, "I think I'll use your bounty to get a nice plot of land..."
Harold hits you from afar with a +0 trident!
There is an open door, spattered with blood here.
Your transformation is almost over.
Harold hits you with a +0 trident!
You sock Harold!
Harold is lightly wounded.
Harold hits you with a +0 trident! Harold completely misses you.
You barely miss Harold.
Harold is lightly wounded.
Harold hits you with a +0 trident!!
* * * LOW HITPOINT WARNING * * *
Unknown command.
You hit Harold but do no damage. You claw Harold. Your headbutt misses Harold.
Harold is moderately wounded.
Harold barely misses you. Harold hits you with a +0 trident!!
You die...
Kikubaaqudgha rasps: "You have failed me!
Welcome... death!"

#........# #..##...#
#..##...## #........#
#........# ## #..##....#
####.###'###....#
#.....#....#....#
#...@@'....#....#
#.....#....#....#
#..####...##....# #+
########....# .>...........#
..............# #+#
>.#########....#
+##.########..##.....##....#
..#........................#


You could see Harold.

Vanquished Creatures
  Maggie (D:6)
  A yak (D:6)
  A steam dragon (D:7)
  A vampire mosquito (D:6)
  2 sky beasts
  3 black bears
  Blork the orc (D:4)
  A scorpion (D:4)
  A water moccasin skeleton (D:4)
  2 hounds (D:4)
  2 bullfrog skeletons (D:5)
  3 iguanas
  A howler monkey skeleton (D:6)
  8 adders
  A white imp (D:7)
  2 ufetubi
  3 adder skeletons
  2 worms
  7 orcs
  8 ball pythons
  4 bats
  4 endoplasms
  5 giant cockroaches
  7 hobgoblins
  4 jackals (D:1)
  2 kobolds
  4 quokkas
  2 frilled lizards
  5 goblins
  7 rats
95 creatures vanquished.

Notes
Turn   | Place    | Note
-------+----------+-------------------------------------------
     0 | D:1      | vvl the Draconian Transmuter began the quest for the Orb.
     0 | D:1      | Reached XP level 1. HP: 16/16 MP: 3/3
   365 | D:1      | Reached XP level 2. HP: 20/23 MP: 5/5
  1077 | D:2      | Reached skill level 1 in Necromancy
  1077 | D:2      | Reached XP level 3. HP: 27/29 MP: 4/6
  2001 | D:2      | Found a faded altar of an unknown god.
  2201 | D:3      | Reached XP level 4. HP: 31/36 MP: 5/7
  2347 | D:3      | Found a stormy altar of Qazlal.
  2349 | D:3      | Found a glowing golden altar of the Shining One.
  2683 | D:3      | Noticed a black bear
  2694 | D:3      | Killed a black bear
  2695 | D:3      | Reached XP level 5. HP: 6/44 MP: 7/9
  2974 | D:3      | Found a sparkling altar of Nemelex Xobeh.
  3504 | D:4      | Found a staircase to the Ecumenical Temple.
  3527 | D:4      | Reached XP level 6. HP: 32/51 MP: 10/10
  3714 | D:4      | Noticed Blork the orc
  3728 | D:4      | Killed Blork the orc
  3755 | Temple   | Entered the Ecumenical Temple
  3892 | Temple   | Became a worshipper of Kikubaaqudgha
  4148 | D:4      | Found a blossoming altar of Fedhas.
  4257 | D:5      | Entered Level 5 of the Dungeon
  4283 | D:5      | Noticed a sky beast
  4299 | D:5      | Killed a sky beast
  4300 | D:5      | Your scales start taking on a glossy black colour.
  4300 | D:5      | Reached XP level 7. HP: 25/59 MP: 12/12
  4300 | D:5      | Gained mutation: You are resistant to electric shocks.
                  | (rElec) [Black Draconian growth]
  4512 | D:5      | Found a bloodstained altar of Trog.
  5739 | D:5      | Found a hide-covered altar of Uskayaw.
  5780 | D:5      | Found an iron altar of Okawaru.
  6167 | D:6      | Found Ycres's Jewellery Shop.
  6364 | D:6      | Identified the +6 morningstar of the Tent {vamp, rElec
                  | rC++}
  6389 | D:6      | Noticed a vampire mosquito
  6391 | D:6      | Noticed a yak
  6395 | D:6      | Killed a vampire mosquito
  6396 | D:6      | Reached skill level 5 in Fighting
  6396 | D:6      | Reached skill level 5 in Transmutations
  6396 | D:6      | Reached XP level 8. HP: 41/68 MP: 12/14
  6449 | D:6      | Noticed a troll
  7193 | D:6      | Noticed Maggie
  7204 | D:6      | Killed Maggie
  7205 | D:6      | Reached skill level 5 in Spellcasting
  7205 | D:6      | Reached skill level 1 in Air Magic
  7205 | D:6      | Reached skill level 1 in Earth Magic
  7365 | D:6      | Identified the +10 spear "Amiav" {freeze, rPois}
  7740 | D:7      | Noticed Harold
  7749 | D:7      | Slain by Harold

Illustrated notes

Levels and vault maps discovered:
D:1:      psy_arrival_heroes, layout_loops_ring
D:2:      layout_basic, dreamdust_ecumenical_altar_hidden_monk_grotto,
          st_stairs_7
D:3:      layout_loops_ring, mainiacjoe_overflow_six_doors_small,
          jmf_multi_god_temple, gup_sewer_entry_glass, st_stairs_12,
          small_statue_intersection, wander_ebering_terrifying_dragon_lair
D:4:      layout_rooms, overflow_temple_1_default, minmay_temple_entry_junction,
          palyth_stone_intersect, uniq_blork_the_orc
D:5:      layout_basic, mainiacjoe_overflow_alcove_4,
          kennysheep_okawaru_gauntlet, trog_ov_bears_minmay,
          kennysheep_small_circle
D:6:      minmay_cornered_nines, layout_gridville, serial_shops,
          nicolae_shop_behind_doors, uniq_maggie
D:7:      layout_gridville, uniq_harold, uniq_duvessa
Temple:   zaba_magenta_temple

Skill      XL: |  1  2  3  4  5  6  7  8 |
---------------+-------------------------+-----
Dodging        | 2 |  2.0
Necromancy     | 1 2 3 4 |  4.9
Fighting       | 2 3 4 5 |  5.6
Spellcasting   | 3 4 5 |  5.0
Transmutations | 3 4 5 |  5.5
Maces & Flails | 2 |  2.4
Air Magic      | 1 |  1.9
Earth Magic    | 1 |  1.1
Unarmed Combat | |  3.0

Action                   |  1- 3 |  4- 6 |  7- 9 || total
-------------------------+-------+-------+-------++-------
Melee: Unarmed           |   120 |    49 |       ||   169
       Headbutt          |     7 |    13 |    15 ||    35
       Tailslap          |    10 |    14 |    11 ||    35
       Kick              |    14 |    27 |    19 ||    60
       Punch             |     2 |     3 |     2 ||     7
       Falchion          |       |    53 |    49 ||   102
       Morningstar       |       |       |    30 ||    30
 Cast: Beastly Appendage |    28 |    23 |    17 ||    68
 Abil: Breathe Lightning |       |       |     3 ||     3
Evoke: Wand              |       |     1 |     6 ||     7
  Use: Scroll            |       |       |     5 ||     5
Armor: Skin              |    34 |    27 |    54 ||   115
Dodge: Dodged            |    95 |    75 |    60 ||   230
       Rpst.: Falchion   |       |    15 |     7 ||    22
